 Dungeon Crawl Stone Soup version bcrawl-1.24-1-g5327be9f7f (webtiles) character file.

Game seed: 177835721403122691

827 pasperui the Ducker (level 7, -1/60 HPs)
             Began as a Gnoll Reaver on June 11, 2020.
             Was a Priest of Vehumet.
             Slain by Duvessa
             ... wielding a +3 rapier of venom
              (18 damage)
             ... on level 4 of the Dungeon.
             The game lasted 00:15:35 (3624 turns).

pasperui the Ducker (Gnoll Reaver)                  Turns: 3624, Time: 00:15:36

Health: -1/60      AC:  7    Str: 15    XL:     7   Next: 97%
Magic:  14/15      EV: 16    Int: 17    God:    Vehumet [***...]
Gold:   262        SH:  2    Dex: 13    Spells: 12/17 levels left

rFire    . . .     SeeInvis .   a - +0 long sword
rCold    . . .     Gourm    .   (no shield)
rNeg     . . .     Faith    .   b - +0 steam dragon scales
rPois    .         Spirit   .   (no helmet)
rElec    .         Reflect  .   u - +0 cloak
rCorr    .         Harm     .   (no gloves)
MR       .....                  t - +0 pair of boots
Stlth    ++........             (no amulet)
HPRegen  0.20/turn              (no ring)
MPRegen  0.14/turn              (no ring)

@: lethally poisoned (-1 -> -14), hasted, very quick
A: distributed training, fangs 1, strong nose
a: Renounce Religion


You were on level 4 of the Dungeon.
You worshipped Vehumet.
Vehumet was most pleased with you.
You were not hungry.

You visited 1 branch of the dungeon, and saw 4 of its levels.
You also visited: Sewer.

You collected 262 gold pieces.

Inventory:

Hand Weapons
 a - a +0 long sword (weapon)
 w - a +0 blowgun
Missiles
 h - 993 stones (quivered)
 n - 328 arrows
 o - 776 sling bullets
 p - 171 bolts
 s - 130 tomahawks
 x - 40 poisoned needles
Armour
 b - +0 steam dragon scales (worn)
 t - a +0 pair of boots (worn)
 u - a +0 cloak (worn)
Magical Staves
 y - an uncursed staff of cold {unknown}
Scrolls
 d - 2 scrolls of immolation
 g - 6 scrolls of identify {unknown}
 i - 5 scrolls of teleportation {unknown}
 j - 2 scrolls of remove curse {unknown}
 m - 2 scrolls of fog {unknown}
 r - 4 scrolls of amnesia {unknown}
 C - a scroll of enchant armour {unknown}
 D - a scroll of enchant weapon {unknown}
Potions
 c - 2 potions of haste
 f - 5 potions of flight {unknown}
 k - a potion of mutation {unknown}
 l - a potion of berserk rage {unknown}
 q - 3 potions of degeneration {unknown}
 v - 2 potions of magic {unknown}
 A - 3 potions of curing {unknown}
 B - a potion of might {unknown}
Comestibles
 e - 4 rations {!d}
 z - 2 chunks of flesh


   Skills:
 + Level 7.1 Fighting
 + Level 2.7 Short Blades
 + Level 7.1 Long Blades
 + Level 2.7 Axes
 + Level 2.7 Maces & Flails
 + Level 2.7 Polearms
 + Level 2.7 Staves
 + Level 2.7 Slings
 + Level 2.7 Bows
 + Level 2.7 Crossbows
 + Level 2.7 Throwing
 + Level 2.7 Armour
 + Level 7.1 Dodging
 + Level 2.7 Stealth
 + Level 2.7 Shields
 + Level 2.7 Unarmed Combat
 + Level 5.7 Spellcasting
 + Level 2.2 Conjurations
 + Level 2.2 Hexes
 + Level 2.2 Charms
 + Level 2.2 Summonings
 + Level 2.2 Necromancy
 + Level 2.2 Translocations
 + Level 2.2 Transmutations
 + Level 2.2 Fire Magic
 + Level 2.2 Ice Magic
 + Level 2.2 Air Magic
 + Level 2.2 Earth Magic
 + Level 2.2 Poison Magic
 + Level 3.0 Invocations
 + Level 2.7 Evocations


You had 12 spell levels left.
You knew the following spells:

 Your Spells              Type           Power        Failure   Level  Hunger
a - Flame Tongue          Conj/Fire      ##...        1%          1    None
b - Shock                 Conj/Air       ##...        1%          1    None
c - Ignite Poison         Fire/Tmut/Pois ##......     4%          3    ##.....

Your spell library contained the following spells:

 Spells                   Type           Power        Failure   Level  Hunger
 Iskenderun's Battlesphe  Conj/Chrm      ##......     34%         5    ######.


Dungeon Overview and Level Annotations

Branches:
Dungeon (4/12)             Temple (0/1) D:4

Altars:
Makhleb
Sif Muna

Annotations:
D:4 Duvessa


Innate Abilities, Weirdness & Mutations

Your experience applies equally to all skills.
You have very sharp teeth.
Your uncanny sense of smell can sniff out nearby items.


Message History

You hit Duvessa but do no damage.
Duvessa is heavily wounded.
You feel sick. Duvessa barely misses you.
You slash Duvessa! You bite Duvessa, but do no damage.
Duvessa is severely wounded.
You feel sick.
You hit Duvessa but do no damage.
Duvessa is severely wounded.
You feel sick. You block Duvessa's attack.
You hit Duvessa.
Duvessa is severely wounded.
You feel sick. Duvessa barely misses you.
You barely miss Duvessa. You bite Duvessa, but do no damage.
Duvessa is severely wounded.
You feel sick. Duvessa closely misses you.
You hit Duvessa but do no damage.
Duvessa is severely wounded.
You feel sick.
Duvessa hits you with a +3 rapier of venom!!
You die...

######## #...⌠...###.#....
.......# #................
#......####.⌠.>.⌠.###.#...#
..........................#
#.#########...⌠...........#
#..............#.#........##
.############.##..)..#......∆
.###### #.####.......# .
......# #.#.@e....#.#....
......# #.#.#..........(.
......# #)#.#.#####......
......# #.#..... ....#
).....# #.#.#.### #..#
).....#### #.#...... .#
.........####.#...... #
.........##..÷....#
#####....##.#.>......


You could see Duvessa (berserk).

Vanquished Creatures
  An ogre (D:4)
  2 big kobolds (Sewer)
  A scorpion (D:4)
  Dowan (D:4)
  A howler monkey (D:4)
  A crimson imp (D:4)
  A hound (D:4)
  A bullfrog skeleton (D:4)
  2 orc priests (D:3)
  Terence (D:2)
  Jessica (D:2)
  An orc wizard (D:4)
  4 gnolls (D:3)
  7 adders
  3 oozes
  An adder skeleton (D:3)
  5 worms
  3 dart slugs
  4 leopard geckos
  11 orcs
  2 ball pythons
  3 giant cockroaches
  9 goblins
  A hobgoblin (D:3)
  4 jackals (D:2)
  5 bats
  7 frilled lizards
  2 giant cockroach zombies (D:1)
  13 kobolds
  9 rats
107 creatures vanquished.

Notes
Turn   | Place    | Note
-------+----------+-------------------------------------------
     0 | D:1      | pasperui the Gnoll Reaver began the quest for the Orb.
     0 | D:1      | Reached XP level 1. HP: 23/23 MP: 6/6
   205 | D:1      | Reached XP level 2. HP: 29/29 MP: 7/7
   551 | D:1      | Reached XP level 3. HP: 27/35 MP: 9/9
   690 | D:1      | Reached skill level 5 in Spellcasting
   781 | D:2      | Reached * piety under Vehumet
   781 | D:2      | Offered knowledge of Flame Tongue by Vehumet.
   784 | D:2      | Learned a level 1 spell: Flame Tongue
   876 | D:2      | Found a burning altar of Makhleb.
   876 | D:2      | Noticed Jessica
   897 | D:2      | Killed Jessica
   897 | D:2      | Reached skill level 1 in Short Blades
   897 | D:2      | Reached skill level 1 in Axes
   897 | D:2      | Reached skill level 1 in Maces & Flails
   897 | D:2      | Reached skill level 1 in Polearms
   897 | D:2      | Reached skill level 1 in Staves
   897 | D:2      | Reached skill level 1 in Slings
   897 | D:2      | Reached skill level 1 in Bows
   897 | D:2      | Reached skill level 1 in Crossbows
   897 | D:2      | Reached skill level 1 in Throwing
   897 | D:2      | Reached skill level 1 in Armour
   897 | D:2      | Reached skill level 1 in Stealth
   897 | D:2      | Reached skill level 1 in Shields
   897 | D:2      | Reached skill level 1 in Unarmed Combat
   897 | D:2      | Reached skill level 1 in Invocations
   897 | D:2      | Reached skill level 1 in Evocations
   897 | D:2      | Reached XP level 4. HP: 41/41 MP: 11/11
  1167 | D:2      | Noticed Terence
  1258 | D:2      | Reached skill level 1 in Conjurations
  1258 | D:2      | Reached skill level 1 in Hexes
  1258 | D:2      | Reached skill level 1 in Charms
  1258 | D:2      | Reached skill level 1 in Summonings
  1258 | D:2      | Reached skill level 1 in Necromancy
  1258 | D:2      | Reached skill level 1 in Translocations
  1258 | D:2      | Reached skill level 1 in Transmutations
  1258 | D:2      | Reached skill level 1 in Fire Magic
  1258 | D:2      | Reached skill level 1 in Ice Magic
  1258 | D:2      | Reached skill level 1 in Air Magic
  1258 | D:2      | Reached skill level 1 in Earth Magic
  1258 | D:2      | Reached skill level 1 in Poison Magic
  1450 | D:2      | Reached ** piety under Vehumet
  1450 | D:2      | Offered knowledge of Shock by Vehumet.
  1455 | D:2      | Learned a level 1 spell: Shock
  1478 | D:2      | Killed Terence
  1478 | D:2      | Reached XP level 5. HP: 24/47 MP: 8/12
  1588 | D:2      | Found a shimmering blue altar of Sif Muna.
  1972 | D:3      | Reached XP level 6. HP: 33/53 MP: 13/13
  2024 | D:3      | Found a faded altar of an unknown god.
  2401 | D:3      | Found a glowing drain.
  2418 | Sewer    | Entered a sewer
  2548 | Sewer    | Offered knowledge of Ignite Poison by Vehumet.
  2554 | Sewer    | Learned a level 3 spell: Ignite Poison
  2686 | Sewer    | Reached XP level 7. HP: 59/59 MP: 13/15
  2907 | D:4      | Found a staircase to the Ecumenical Temple.
  3091 | D:4      | Reached *** piety under Vehumet
  3509 | D:4      | Noticed Dowan
  3534 | D:4      | Killed Dowan
  3609 | D:4      | Noticed Duvessa
  3624 | D:4      | Slain by Duvessa

Skill      XL: |  1  2  3  4  5  6  7 |
---------------+----------------------+-----
Spellcasting   | 5 |  5.7
Short Blades   | 1 2 |  2.7
Axes           | 1 2 |  2.7
Maces & Flails | 1 2 |  2.7
Polearms       | 1 2 |  2.7
Staves         | 1 2 |  2.7
Slings         | 1 2 |  2.7
Bows           | 1 2 |  2.7
Crossbows      | 1 2 |  2.7
Throwing       | 1 2 |  2.7
Armour         | 1 2 |  2.7
Stealth        | 1 2 |  2.7
Shields        | 1 2 |  2.7
Unarmed Combat | 1 2 |  2.7
Invocations    | 1 2 3 |  3.0
Evocations     | 1 2 |  2.7
Conjurations   | 1 2 |  2.2
Hexes          | 1 2 |  2.2
Charms         | 1 2 |  2.2
Summonings     | 1 2 |  2.2
Necromancy     | 1 2 |  2.2
Translocations | 1 2 |  2.2
Transmutations | 1 2 |  2.2
Fire Magic     | 1 2 |  2.2
Ice Magic      | 1 2 |  2.2
Air Magic      | 1 2 |  2.2
Earth Magic    | 1 2 |  2.2
Poison Magic   | 1 2 |  2.2
Fighting       | 7 |  7.1
Long Blades    | 7 |  7.1
Dodging        | 7 |  7.1

Action                   |  1- 3 |  4- 6 |  7- 9 || total
-------------------------+-------+-------+-------++-------
Melee: Long sword        |    72 |   197 |    88 ||   357
       Bite              |    10 |    17 |    11 ||    38
       Punch             |       |       |     1 ||     1
Throw: Stone             |       |       |     1 ||     1
 Cast: Shock             |       |     6 |     9 ||    15
       Flame Tongue      |       |    16 |    15 ||    31
  Use: Potion            |       |       |     1 ||     1
 Stab: Sleeping          |     1 |     1 |     1 ||     3
  Eat: Chunk             |       |     6 |     3 ||     9
Armor: Steam dragon scal |     7 |    54 |    16 ||    77
Dodge: Dodged            |    41 |   183 |    46 ||   270
Block: Other             |     6 |    14 |     6 ||    26
